 Dungeon Crawl Stone Soup version 0.22.0-34-g4f65f92 (webtiles) character file.

275 shmeve the Skirmisher (level 6, -1/53 HPs)
             Began as a Minotaur Berserker on Aug 23, 2018.
             Was a Believer of Trog.
             Slain by an ogre
             ... wielding a +0 giant spiked club
              (23 damage)
             ... on level 4 of the Dungeon.
             The game lasted 00:05:46 (2730 turns).

shmeve the Skirmisher (Minotaur Berserker)          Turns: 2730, Time: 00:05:47

Health: -1/53      AC: 10    Str: 24    XL:     6   Next: 3%
Magic:  5/5        EV: 15    Int:  7    God:    Trog [**....]
Gold:   53         SH:  0    Dex:  9    Spells: 5/5 levels left

rFire    . . .     SeeInvis .   a - +0 hand axe
rCold    . . .     Gourm    .   (no shield)
rNeg     . . .     Faith    +   n - +0 chain mail
rPois    .         Spirit   .   (helmet restricted)
rElec    .         Reflect  .   (no cloak)
rCorr    .         Harm     .   (no gloves)
MR       ++...                  j - +0 pair of boots
Stlth    ..........             f - amulet of the Modern Wonders {Faith Int+3}
HPRegen  1.17/turn              h - +6 ring of evasion
MPRegen  0.09/turn              (no ring)

@: lethally poisoned (-1 -> -1), regenerating
A: retaliatory headbutt, horns 2
a: Berserk, Trog's Hand, Renounce Religion


You were on level 4 of the Dungeon.
You worshipped Trog.
Trog was pleased with you.
You were hungry.

You visited 1 branch of the dungeon, and saw 4 of its levels.

You collected 53 gold pieces.

Inventory:

Hand Weapons
 a - a +0 hand axe (weapon)
Missiles
 e - 7 tomahawks (quivered)
Armour
 b - a +0 shield
 j - a +0 pair of boots (worn)
 n - a +0 chain mail (worn)
Jewellery
 f - the amulet of the Modern Wonders (around neck) {Faith Int+3}
   (You found it on level 4 of the Dungeon)

   [amulet of faith]

   It allows you to gain divine favour quickly.
   It affects your intelligence (+3).
 h - a +6 ring of evasion (left hand)
Scrolls
 g - 2 scrolls of remove curse
 i - 3 scrolls of identify {unknown}
 m - a scroll of enchant armour {unknown}
Potions
 d - 2 potions of curing {unknown}
 l - a potion of cancellation {unknown}
 o - a potion of lignification {unknown}
Comestibles
 c - 4 rations


   Skills:
 - Level 4.7 Fighting
 - Level 4.7 Axes
 - Level 1.9 Throwing
 - Level 3.0 Armour
 - Level 2.8 Dodging
 + Level 4.1 Shields


You had 5 spell levels left.
You didn't know any spells.
Your spell library was empty.

Dungeon Overview and Level Annotations

Branches:
Dungeon (4/15)
 Temple: D:4-7

Altars:
Ashenzari
Qazlal


Innate Abilities, Weirdness & Mutations

You reflexively headbutt those who attack you in melee.
You have a pair of horns on your head.


Message History

You headbutt the scorpion, but do no damage.
The scorpion is severely wounded.
Your chain mail prevents you from hitting the ogre.
You feel sick. The scorpion closely misses you. You furiously retaliate!
You headbutt the scorpion!
You kill the scorpion!
Trog accepts your kill.
Your Shields skill increases to level 4!
You have reached level 6!
Your experience leads to an increase in your attributes!
Your base attributes are Str 23, Int 4, Dex 9.
Increase (S)trength, (I)ntelligence, or (D)exterity?
You feel stronger.
Your skin crawls.
You feel resistant to hostile enchantments.
You are feeling hungry.
You feel sick. The ogre closely misses you.
You feel sick.
The ogre hits you with a giant spiked club!!
You die...

........≈≈..#
#.......≈..≈.##
≈...≈≈.[≈..≈≈≈##
≈..≈..≈..≈..≈≈≈#
≈..≈..≈⌠.≈...≈≈# ........
≈...≈.⌠≈..≈..≈≈#.........
≈≈.?≈..≈..≈..≈≈#.........
≈≈≈.[≈..O≈...≈##.##......
#.≈..≈..@....##..##......
#[.≈≈........##..##......
#............#...##......
......?........####....."
...........>......#......
.#############.##.#......
.........#.#......
##########.######.
#........


You could see an ogre.

Vanquished Creatures
  A scorpion (D:4)
  An orc priest (D:3)
  A hound (D:4)
  Jessica (D:2)
  Robin (D:2)
  2 adders (D:3)
  An ooze (D:4)
  4 worms
  A dart slug (D:1)
  2 leopard geckos (D:2)
  3 orcs (D:3)
  2 ball pythons (D:3)
  3 bats
  3 giant cockroaches
  14 hobgoblins
  2 jackals (D:3)
  11 kobolds
  3 quokkas
  3 frilled lizards (D:1)
  18 goblins
  7 rats
84 creatures vanquished.

Notes
Turn   | Place    | Note
-------+----------+-------------------------------------------
     0 | D:1      | shmeve the Minotaur Berserker began the quest for the Orb.
     0 | D:1      | Reached XP level 1. HP: 19/19 MP: 0/0
    59 | D:1      | Found a shattered altar of Ashenzari.
    81 | D:1      | Reached XP level 2. HP: 11/27 MP: 1/1
   702 | D:1      | Reached skill level 1 in Throwing
   852 | D:1      | Reached XP level 3. HP: 14/33 MP: 2/2
  1213 | D:2      | Noticed Robin
  1218 | D:2      | Reached ** piety under Trog
  1224 | D:2      | Killed Robin
  1373 | D:2      | Found a stormy altar of Qazlal.
  1375 | D:2      | Noticed an earth elemental
  1380 | D:2      | Noticed a water elemental
  1392 | D:2      | Noticed a fire elemental
  1409 | D:2      | Reached XP level 4. HP: 32/41 MP: 3/3
  1573 | D:2      | Noticed an air elemental
  1849 | D:2      | Noticed Jessica
  1853 | D:2      | Killed Jessica
  2191 | D:3      | Reached XP level 5. HP: 46/47 MP: 4/4
  2351 | D:3      | Reached skill level 1 in Shields
  2352 | D:3      | Reached *** piety under Trog
  2677 | D:4      | Got a bound jade amulet
  2689 | D:4      | Identified the amulet of the Modern Wonders {Faith Int+3} (You found it on level 4 of the Dungeon)
  2717 | D:4      | Noticed an ogre
  2728 | D:4      | Reached XP level 6. HP: 22/53 MP: 5/5
  2730 | D:4      | Slain by an ogre

Skill      XL: |  1  2  3  4  5 |
---------------+----------------+-----
Fighting       | 4 |  4.7
Axes           | 4 |  4.7
Throwing       | 1 |  1.9
Armour         | 3 |  3.0
Shields        | 4 |  4.1
Dodging        | |  2.8

Action                   |  1- 3 |  4- 6 || total
-------------------------+-------+-------++-------
Melee: Hand axe          |    62 |    69 ||   131
       Headbutt          |    10 |    10 ||    20
Invok: Berserk           |     1 |     1 ||     2
       Trog's Hand       |       |     1 ||     1
  Use: Scroll            |       |     2 ||     2
  Eat: Chunk             |     2 |     5 ||     7
Armor: Animal skin       |     4 |     3 ||     7
       Chain mail        |       |    32 ||    32
Dodge: Dodged            |    31 |    57 ||    88
